 Dungeon Crawl Stone Soup version 0.30.1-3-gfc49f6343a (webtiles) character file.

Game seed: 3944249084327852364

194132 Anandil the Tortoise (level 16, 0/125 (136) HPs)
             Began as a Demonspawn Fighter on Aug 7, 2023.
             Was the Champion of Ru.
             Slain by a demonic crawler (4 damage)
             ... on level 1 of the Spider Nest.
             The game lasted 01:24:08 (31526 turns).

Anandil the Tortoise (Demonspawn Fighter)          Turns: 31526, Time: 01:24:09

HP:   0/125 (136)   AC: 23    Str: 27    XL:     16   Next: 66%
MP:   16/16         EV: 10    Int:  6    God:    Ru [******]
Gold: 2956          SH:  0    Dex: 10    Spells: 15/15 levels left

rFire   + + .        J - +2 demon trident (flame)
rCold   + + +        K - +2 buckler
rNeg    + . .        T - +0 ice dragon scales
rPois   +            D - +2 hat
rElec   .            U - scarf {rC+ rF+}
rCorr   .            L - +0 pair of gloves of Going Fast {+Blink rC- rN+ Stlth+}
SInv    +            (boots unavailable)
Will    ++...        e - amulet "Ciets" {Faith rF++ Regen+ Int-4} Stlth
                     y - ring of poison resistance
HPRegen 1.20/turn    n - ring "Ifoidorr" {Drain rC+ Str+2 Slay+2 SInv}
MPRegen 0.15/turn

%: faith
@: confused, exhausted, ambrosia-drunk, slowed, drained, very slow
A: hooves 3, molten scales 2, clumsy 1, ignite blood 3, powered by death 2, no
stealth, hated by all, inability to train dodging, no fire magic, no summoning
magic, no transmutations magic, disrupted magic 1, inexperienced 1, demonic
willpower
}: 1/15 runes: barnacled
a: Renounce Religion, Evoke Blink, Draw Out Power, Power Leap, Apocalypse


You were on level 1 of the Spider Nest.
You worshipped Ru.
Ru was exalted by your worship.
You visited 5 branches of the dungeon, and saw 27 of its levels.
You also visited: Gauntlet and Ice Cave.

You collected 3417 gold pieces.
You spent 461 gold pieces at shops.

Inventory:

Hand Weapons
 J - a +2 demon trident of flaming (weapon)
Missiles
 c - 13 javelins (quivered)
 G - 3 throwing nets
 H - 21 poisoned darts
 N - 2 curare-tipped darts
 X - 3 silver boomerangs
 Y - 17 silver javelins
Armour
 D - a +2 hat (worn)
 K - a +2 buckler (worn)
 L - the +0 pair of gloves of Going Fast (worn) {+Blink rC- rN+ Stlth+}
   (You found it in a Gauntlet)

   rC:        It makes you vulnerable to cold.
   rN:        It protects you from negative energy.
   +Blink:    It lets you blink.
   Stlth:     It makes you more stealthy.
 T - +0 ice dragon scales (worn)
 U - a scarf of resistance (worn)
Jewellery
 e - the amulet "Ciets" (around neck) {Faith rF++ Regen+ Int-4}
   (You acquired it on level 6 of the Dungeon)

   [amulet of faith]

   It allows you to gain divine favour quickly.
   Int:       It affects your intelligence (-4).
   rF:        It greatly protects you from fire.
   Regen:     It increases your rate of health regeneration.
 n - the ring "Ifoidorr" (right hand) {Drain rC+ Str+2 Slay+2 SInv}
   (You took it off a minotaur in a Gauntlet)

   [ring of see invisible]

   Str:       It affects your strength (+2).
   Slay:      It affects your accuracy & damage with ranged weapons and melee
   (+2).
   rC:        It protects you from cold.
   SInv:      It lets you see invisible.
   Drain:     It drains your maximum health when unequipped.
 y - a ring of poison resistance (left hand)
 E - a +4 ring of slaying
Wands
 r - a wand of digging (14)
 t - a wand of roots (24)
 P - a wand of acid (13)
 Q - a wand of mindburst (38)
Scrolls
 a - a scroll of silence
 d - a scroll of identify
 g - 7 scrolls of fear
 i - 3 scrolls of magic mapping
 l - 4 scrolls of poison
 q - 9 scrolls of vulnerability
 s - 3 scrolls of fog
 u - a scroll of enchant weapon
 w - 5 scrolls of immolation
 F - 2 scrolls of blinking
 I - 8 scrolls of teleportation
 R - 2 scrolls of enchant armour
Potions
 f - 3 potions of cancellation
 h - 12 potions of curing
 j - 3 potions of ambrosia
 k - 2 potions of resistance
 z - 11 potions of lignification
 Z - 3 potions of might
Miscellaneous
 m - a lightning rod (4/4)
 O - a phial of floods
 V - a condenser vane


   Skills:
 - Level 15.0 Fighting
 - Level 14.0 Polearms
 - Level 10.0 Throwing
 + Level 19.2 Armour
 - Level 7.4 Shields
 - Level 7.0 Evocations


You had 15 spell levels left.
You didn't know any spells.
Your spell library contained the following spells:

 Spells                   Type           Power      Damage    Failure   Level
 Freeze                   Ice            0%         1d3       78%         1
 Kiss of Death            Conj/Necr      0%         2d5       78%         1
 Slow                     Hex            0%         N/A       78%         1
 Cigotuvi's Dreadful Rot  Necr/Pois/Air  0%         N/A       88%         2
 Static Discharge         Conj/Air       0%         2-2/arc   88%         2
 Confusing Touch          Hex            0%         N/A       98%         3
 Frozen Ramparts          Ice            0%         1d1       98%         3
 Hailstorm                Conj/Ice       0%         3d3       98%         3
 Ozocubu's Armour         Ice            0%         N/A       98%         3
 Portal Projectile        Hex/Tloc       0%         N/A       98%         3
 Vampiric Draining        Necr           0%         2d6       98%         3
 Airstrike                Air            0%         2d(0-16)  100%        4
 Dispel Undead            Necr           0%         3d6       100%        4
 Leda's Liquefaction      Hex/Erth       0%         N/A       100%        4
 Olgreb's Toxic Radiance  Pois           0%         N/A       100%        4
 Freezing Cloud           Conj/Ice/Air   0%         6-21      100%        5
 Metabolic Englaciation   Hex/Ice        0%         N/A       100%        5
 Ozocubu's Refrigeration  Ice            0%         4d7       100%        7
 Discord                  Hex            0%         N/A       100%        8
 Maxwell's Capacitive Co  Air            0%         ∞         100%        8
 Polar Vortex             Ice            0%         N/A       100%        9
 Call Canine Familiar     Summ           Unusable   N/A       N/A         3
 Ignite Poison            Fire/Tmut/Pois Unusable   N/A       N/A         3
 Petrify                  Tmut/Erth      Unusable   N/A       N/A         4
 Summon Lightning Spire   Summ/Air       Unusable   N/A       N/A         4
 Simulacrum               Ice/Necr       Unusable   N/A       N/A         6
 Statue Form              Tmut/Erth      Unusable   N/A       N/A         6
 Storm Form               Tmut/Air       Unusable   N/A       N/A         7
 Ignition                 Fire           Unusable   3d3       N/A         8

Dungeon Overview and Level Annotations

Branches:
Dungeon (15/15)            Temple (0/1) D:4            Lair (5/5) D:8
 Shoals (4/4) Lair:3       Spider (1/4) Lair:2        Slime (0/5) Lair:5
    Orc (2/2) D:10            Elf (0/3) Orc:2        Vaults (0/5) D:13
 Depths (0/4) D:15          IceCv (visited)         Gauntlet (visited)

Altars:
Cheibriados
Dithmenos
Gozag
Makhleb
Qazlal
Ru
Sif Muna
Uskayaw
Vehumet
Wu Jian
Xom

Shops:
D:5 **   D:10 (   D:11 *   D:14 (   D:15 *   Orc:1 [   Orc:2 !:(=   Shoals:2 =

Portals:
Trove: D:12 (give 5 potions of resistance)

Annotations:
D:2 1 runed translucent door, Crazy Yiuf
D:9 2 runed translucent doors
D:11 1 exclusion
D:13 1 runed translucent door, jtron's ghost, journeyman TeSu
D:14 1 exclusion
Lair:5 exclusion: obsidian statue
Orc:1 1 runed translucent door, cowcol's ghost, journeyman MiFi


Innate Abilities, Weirdness & Mutations

You have hooves in place of feet.
You are mostly covered in molten scales. (AC +3)
You are clumsy. (Dex -2)
Your demonic aura causes all spilled blood to erupt in flames.
You regenerate health from kills.
You cannot be stealthy.
You are hated by all.
You cannot train Dodging skill.
You cannot study or cast Fire magic.
You cannot study or cast Summoning magic.
You cannot study or cast Transmutations magic.
Your casting is slightly disrupted.
You are somewhat inexperienced. (-1 XL)
You punish those that try to bend your will. (Will+)


Message History

You block the demonic crawler's attack.
The demonic crawler hits you but does no damage. x2
Unknown command.
Aiming: Power Leap
Press: ? - help, Dir - move target You kill the torpor snail!
The demonic crawler is engulfed in blazing flames.
The demonic crawler is stunned by your conviction and fails to attack.
The demonic crawler completely misses you.
The demonic crawler hits you!
* * * LOW HITPOINT WARNING * * *
The demonic crawler hits you.
* * * LOW HITPOINT WARNING * * *
You focus your inner power and illuminate the demonic crawler in retribution!
You redirect the torpor snail's attack!
The torpor snail bites itself.
The demonic crawler closely misses you.
The demonic crawler hits you but does no damage. x2
The demonic crawler is stunned by your conviction and fails to attack.
Unknown command.
Unknown command.
Unknown command.
Unknown command.
Found a potion of curing.
The torpor snail misses you.
The demonic crawler is engulfed in blazing flames.
The demonic crawler closely misses you. You block the demonic crawler's attack.
The demonic crawler hits you.
* * * LOW HITPOINT WARNING * * *
You focus your inner power and blind the demonic crawler in retribution!
Unknown command.
Unknown command.
You are confused.
You feel invigorated.
The demonic crawler is engulfed in blazing flames.
The demonic crawler is stunned by your conviction and fails to attack.
The torpor snail bites you!
* * * LOW HITPOINT WARNING * * *
The demonic crawler is engulfed in blazing flames.
The demonic crawler hits you but does no damage.
The demonic crawler hits you.
You die...

##............###.##...#.
..........#.†## ## ... ##
.........#..^.. #
......(.(#.#..... #
..#.....###~~~~~# .
#.^.....~~≈~≈~~
#...s.~~~~###~~
##ssws~≈### ## #(.#@~~~#
#††##§~~~~$~ #.###~~~#~~~
### #~~≈###$ #~~~~ ..~~≈
...~~~ !.###.


You could see a torpor snail and 4 demonic crawlers.

Vanquished Creatures
  Rupert (Lair:5)
  Jorgrun (D:12)
  A titan (Shoals:4)
  2 krakens
  Kirke (Lair:4)
  Nessos (D:13)
  A minotaur (Gauntlet)
  4 dire elephants (Lair:5)
  8 merfolk javelineers
  8 merfolk impalers
  A rakshasa (D:14)
  Erolcha (D:12)
  6 hydras
  A catoblepas (D:11)
  2 alligator snapping turtles
  5 centaur warriors
  A satyr (Shoals:4)
  7 ogre magi
  22 two-headed ogres
  8 merfolk aquamancers
  8 boulder beetles
  5 merfolk avatars
  11 death yaks
  A tengu warrior (D:13)
  Urug (D:11)
  Nergalle (D:12)
  A soul eater (Gauntlet)
  2 spectral death yaks (Lair:5)
  A sixfirhy (Gauntlet)
  2 skysharks
  A spectral anaconda (Lair:5)
  Lodul (D:13)
  6 sea snakes
  2 bog bodies (IceCv)
  A wizard (Gauntlet)
  4 harpies (Shoals:2)
  3 orc knights
  2 lindwurms
  4 deep elf pyromancers
  A steelbarb worm (Spider:1)
  19 ugly things
  An oklob plant (Lair:3)
  2 orc sorcerers
  2 wolf spiders
  7 fauns (Shoals:1)
  A shining eye (shapeshifter) (D:15)
  8 cyclopes
  4 necromancers (Lair:5)
  A salamander (D:15)
  16 manticores
  A guardian serpent (shapeshifter) (D:15)
  10 water nymphs
  An ice statue (IceCv)
  21 elephants
  A torpor snail (Spider:1)
  9 merfolk sirens
  7 black mambas
  12 cane toads
  7 demonic crawlers (Spider:1)
  4 gargoyles
  An unseen horror (D:11)
  8 komodo dragons
  Psyche (D:9)
  A tengu conjurer (D:13)
  An anaconda simulacrum (IceCv)
  3 rime drakes
  2 ice devils (Lair:3)
  An efreet (D:14)
  27 merfolk
  3 trolls
  A tarantella (shapeshifter) (D:14)
  10 wind drakes
  A hornet (shapeshifter) (D:15)
  A hornet (D:9)
  2 large abominations (Gauntlet)
  2 spectral elephants (Lair:5)
  10 snapping turtles
  19 dream sheep
  21 blink frogs
  2 air elementals (Shoals:4)
  A centaur simulacrum (D:15)
  A jumping spider (Lair:2)
  3 vampires
  A shadow (D:9)
  5 slime creatures
  23 yaks
  4 basilisks
  6 small abominations (Gauntlet)
  8 wyverns
  27 water elementals
  16 humans (D:13)
  5 hogs (Lair:5)
  2 redbacks (Lair:2)
  7 vampire mosquitoes (D:12)
  A steam dragon (D:5)
  4 death yak simulacra
  7 wargs
  21 water moccasins
  2 hydra simulacra (IceCv)
  24 orc warriors
  A sky beast (D:6)
  3 black bears
  An ice beast (D:5)
  13 centaurs
  An elephant skeleton (Lair:5)
  37 ogres
  3 wolves (Lair:1)
  2 kobold brigands
  3 gnoll sergeants (D:7)
  6 two-headed ogre simulacra (IceCv)
  13 bullfrogs
  3 scorpions
  2 cane toad simulacra
  8 wights
  3 elephant simulacra
  14 killer bees
  A crimson imp (D:6)
  5 jellies
  3 hounds
  A gnoll bouda (D:9)
  16 orc priests
  3 sleepcaps
  Jessica (D:2)
  5 hell rats (Lair:5)
  An iguana (D:4)
  35 orc wizards
  3 spriggan simulacra (IceCv)
  6 troll simulacra (IceCv)
  3 wolf simulacra (IceCv)
  5 polar bear simulacra (IceCv)
  17 gnolls
  5 adders
  4 naga simulacra (IceCv)
  7 shadow imps
  4 white imps (IceCv)
  8 ufetubi
  2 worms
  6 dart slugs
  97 orcs
  5 endoplasms
  4 giant cockroaches
  6 goblins
  6 hobgoblins
  7 jackals
  4 quokkas (D:1)
  11 ball pythons
  8 bats
  2 frilled lizards
  18 kobolds
  4 rats
  7 tentacles
992 creatures vanquished.

Vanquished Creatures (others)
  2 two-headed ogres (Orc:2)
  3 death yaks
  A harpy (Shoals:2)
  An ugly thing (D:14)
  A merfolk siren (Shoals:4)
  A water nymph (Shoals:4)
  A komodo dragon (Lair:3)
  A merfolk (Shoals:1)
  A wind drake (Shoals:4)
  A spriggan simulacrum (IceCv)
  A troll simulacrum (IceCv)
  A white imp (IceCv)
  23 tentacles
38 creatures vanquished.

Grand Total: 1030 creatures vanquished

Notes
Turn   | Place    | Note
-------+----------+-------------------------------------------
     0 | D:1      | Anandil the Demonspawn Fighter began the quest for the Orb.
     0 | D:1      | Reached XP level 1. HP: 18/18 MP: 1/1
   104 | D:1      | Gained mutation: You have large cloven feet. [demonic
                  | ancestry]
   104 | D:1      | Reached XP level 2. HP: 24/24 MP: 2/2
   404 | D:1      | Reached skill level 3 in Armour
   503 | D:1      | Gained mutation: You are partially covered in molten
                  | scales. (AC +2) [demonic ancestry]
   503 | D:1      | Reached XP level 3. HP: 27/29 MP: 3/3
  1154 | D:2      | Gained mutation: Your demonic aura sometimes causes spilled
                  | blood to erupt in flames. [demonic ancestry]
  1154 | D:2      | Reached XP level 4. HP: 32/36 MP: 4/4
  1319 | D:2      | Found a runed translucent door.
  1320 | D:2      | Noticed Crazy Yiuf
  1380 | D:2      | Noticed Jessica
  1392 | D:2      | Killed Jessica
  1630 | D:3      | You fall into a shaft and drop 1 floor!
  1638 | D:4      | Reached XP level 5. HP: 42/42 MP: 5/5
  2420 | D:4      | Noticed an ogre
  2432 | D:4      | Killed an ogre
  2433 | D:4      | Gained mutation: You regenerate a little health from kills.
                  | [demonic ancestry]
  2433 | D:4      | Reached XP level 6. HP: 23/48 MP: 6/6
  2550 | D:4      | Reached skill level 4 in Armour
  2632 | D:4      | Found a hide-covered altar of Uskayaw.
  2908 | D:4      | Found a shadowy altar of Dithmenos.
  2968 | D:4      | Found a staircase to the Ecumenical Temple.
  3051 | D:5      | Entered Level 5 of the Dungeon
  3091 | D:5      | Gained mutation: You have hoof-like feet. [demonic
                  | ancestry]
  3091 | D:5      | Reached XP level 7. HP: 55/55 MP: 7/7
  3235 | D:5      | Reached skill level 5 in Fighting
  3361 | D:5      | Found Solauror's Specific Store.
  3363 | D:5      | Found Gavvyroi's General Store.
  3367 | D:5      | Bought a scroll of identify for 22 gold pieces
  3631 | D:5      | Found a radiant altar of Vehumet.
  3654 | D:5      | Reached skill level 5 in Armour
  3654 | D:5      | Reached skill level 5 in Shields
  3654 | D:5      | Gained mutation: Your demonic aura often causes spilled
                  | blood to erupt in flames. [demonic ancestry]
  3654 | D:5      | Reached XP level 8. HP: 63/63 MP: 8/8
  3806 | D:5      | Reached skill level 5 in Polearms
  4050 | D:6      | Identified a scroll of acquirement
  4051 | D:6      | Acquired the amulet "Ciets" {Faith rF++ Regen+ Int-4}
  4080 | D:6      | Found a shimmering altar of Xom.
  4080 | D:6      | Found a burning altar of Makhleb.
  4118 | D:6      | Found an opulent altar of Gozag.
  4118 | D:6      | Found a sacrificial altar of Ru.
  4251 | D:6      | Became a worshipper of Ru the Awakened
  4383 | D:6      | Found a hazy altar of Hepliaklqana.
  5033 | D:7      | Gained mutation: You are clumsy. (Dex -2) [Ru sacrifice]
  5067 | D:7      | Reached skill level 6 in Armour
  5067 | D:7      | Reached XP level 9. HP: 64/71 MP: 9/9
  5846 | D:8      | Found a staircase to the Lair.
  6005 | D:8      | Reached skill level 7 in Armour
  6139 | D:8      | Identified the +1 pair of boots of Darkness {Rampage rC++
                  | Str-3 Int+3 Stlth+}
  6210 | D:8      | Noticed a two-headed ogre
  6217 | D:8      | Killed a two-headed ogre
  6218 | D:8      | Gained mutation: You regenerate health from kills. [demonic
                  | ancestry]
  6218 | D:8      | Reached XP level 10. HP: 66/80 MP: 10/10
  6636 | D:9      | Gained mutation: You cannot study or cast Fire magic. [Ru
                  | sacrifice]
  6636 | D:9      | Gained mutation: You cannot study or cast Transmutations
                  | magic. [Ru sacrifice]
  6636 | D:9      | Gained mutation: You cannot study or cast Summoning magic.
                  | [Ru sacrifice]
  6636 | D:9      | Reached * piety under Ru
  6660 | D:9      | Found a large runed translucent door.
  6690 | D:9      | Noticed Psyche
  6694 | D:9      | Killed Psyche
  6917 | D:9      | Reached skill level 1 in Throwing
  7219 | D:9      | Found an ornate altar of the Wu Jian Council.
  7437 | D:9      | Found a large runed translucent door.
  7473 | D:9      | Identified the +4 shortbow "Ewifam Cidi" {flame, Will+
                  | Str+4}
  7497 | D:9      | Found a large runed translucent door.
  7497 | D:9      | Found a large runed translucent door.
  7652 | D:9      | Found a blossoming altar of Fedhas.
  7970 | D:9      | Noticed a manticore
  7973 | D:9      | Killed a manticore
  7974 | D:9      | Reached skill level 8 in Armour
  8007 | D:9      | Noticed a boulder beetle
  8021 | D:9      | Killed a boulder beetle
  8100 | D:10     | Entered Level 10 of the Dungeon
  8157 | D:10     | Reached XP level 11. HP: 89/89 MP: 11/11
  8326 | D:10     | Found a staircase to the Orcish Mines.
  8437 | D:10     | Found a snail-covered altar of Cheibriados.
  8577 | D:10     | Found Doseom's Weapon Emporium.
  8802 | D:10     | Found a shimmering blue altar of Sif Muna.
  8912 | Orc:1    | Entered Level 1 of the Orcish Mines
  8912 | Orc:1    | Found Baekon's Antique Armour Shoppe.
  8951 | Orc:1    | Noticed an orc knight
  8956 | Orc:1    | Noticed an orc sorcerer
  8961 | Orc:1    | Noticed a sixfirhy
  9123 | Orc:1    | Noticed a sun demon
  9599 | Orc:1    | Killed an orc knight
  9611 | D:10     | Killed an orc sorcerer
  9765 | Orc:1    | Found a runed translucent door.
  9765 | Orc:1    | Found a shimmering altar of Xom.
  9765 | Orc:1    | Noticed cowcol's ghost (journeyman MiFi)
  9765 | Orc:1    | Noticed a +4 long sword of chaos
 10017 | Orc:1    | You are sucked into a shaft and drop 1 floor!
 10017 | Orc:2    | Entered Level 2 of the Orcish Mines
 10030 | Orc:2    | Noticed a two-headed ogre
 10030 | Orc:2    | Noticed a two-headed ogre
 10030 | Orc:2    | Noticed a two-headed ogre
 10031 | Orc:2    | Noticed a two-headed ogre
 10037 | Orc:2    | Killed a two-headed ogre
 10046 | Orc:2    | Killed a two-headed ogre
 10046 | Orc:2    | Noticed a two-headed ogre
 10048 | Orc:2    | Killed a two-headed ogre
 10049 | Orc:2    | Reached skill level 9 in Armour
 10057 | Orc:2    | Noticed a two-headed ogre
 10072 | Orc:2    | Killed a two-headed ogre
 10073 | Orc:2    | Reached skill level 5 in Throwing
 10076 | Orc:2    | Reached skill level 10 in Fighting
 10334 | Orc:2    | Gained mutation: You are somewhat inexperienced. (-1 XL)
                  | [Ru sacrifice]
 10334 | Orc:2    | Reached XP level 10. HP: 85/85 MP: 10/10
 10334 | Orc:2    | Reached ** piety under Ru
 10334 | Orc:2    | Reached *** piety under Ru
 10424 | Orc:2    | Noticed an ogre mage
 10440 | Orc:2    | Killed an ogre mage
 10510 | Orc:2    | Found a staircase to the Elven Halls.
 10645 | Orc:2    | Noticed a two-headed ogre
 10670 | Orc:2    | Killed a two-headed ogre
 10677 | Orc:2    | Reached XP level 11. HP: 92/92 MP: 11/11
 10824 | Orc:2    | Killed a two-headed ogre
 10959 | Orc:2    | Noticed an ogre mage
 10973 | Orc:2    | Killed an ogre mage
 11004 | Orc:2    | Noticed a two-headed ogre
 11012 | Orc:2    | Killed a two-headed ogre
 11087 | Orc:2    | Noticed an ogre mage
 11099 | Orc:2    | Killed an ogre mage
 11187 | Orc:2    | Reached skill level 10 in Armour
 11469 | Orc:2    | Noticed a two-headed ogre
 11478 | Orc:2    | Killed a two-headed ogre
 11482 | Orc:2    | Paralysed by an orc sorcerer for 5 turns
 11492 | Orc:2    | Reached skill level 10 in Polearms
 11494 | Orc:2    | Killed a two-headed ogre
 11603 | Orc:2    | Noticed a two-headed ogre
 11604 | Orc:2    | Noticed a two-headed ogre
 11604 | Orc:2    | Noticed a two-headed ogre
 11606 | Orc:2    | Noticed a two-headed ogre
 11626 | Orc:2    | Killed a two-headed ogre
 11629 | Orc:2    | Killed a two-headed ogre
 11632 | Orc:2    | Killed a two-headed ogre
 11634 | Orc:2    | Killed a two-headed ogre
 11670 | Orc:2    | Noticed an ogre mage
 11670 | Orc:2    | Paralysed by an ogre mage for 3 turns
 11678 | Orc:2    | Killed an ogre mage
 11705 | Orc:2    | Found Ucitah's Weapon Shop.
 11705 | Orc:2    | Found Utsizxa's Jewellery Shoppe.
 11706 | Orc:2    | Found Ommem's Distillery.
 11706 | Orc:2    | Found Yritok's Book Shop.
 11716 | Orc:2    | Bought a potion of curing for 39 gold pieces
 11932 | Orc:1    | Gained mutation: You cannot be stealthy. [Ru sacrifice]
 11932 | Orc:1    | Reached **** piety under Ru
 13020 | Lair:1   | Entered Level 1 of the Lair of Beasts
 13267 | Lair:1   | Gained mutation: You are mostly covered in molten scales.
                  | (AC +3) [demonic ancestry]
 13267 | Lair:1   | Reached XP level 12. HP: 95/101 MP: 12/12
 13293 | Lair:1   | Reached skill level 11 in Armour
 13369 | Lair:1   | Gained mutation: You cannot train Dodging skill. [Ru
                  | sacrifice]
 13369 | Lair:1   | Reached ***** piety under Ru
 14098 | Lair:2   | Found a hole to the Spider Nest.
 14364 | Lair:2   | Identified the +5 mace "Gavill Mate" {speed, rCorr Str-4
                  | Dex+3}
 14754 | Lair:3   | Found a frozen archway.
 14789 | IceCv    | Entered an ice cave
 15012 | IceCv    | Gained mutation: You are hated by all. [Ru sacrifice]
 15334 | IceCv    | Identified the +0 fire dragon scales of the Sky {rF++ rC-
                  | Will+ Regen+ Stlth-}
 15481 | Lair:3   | Reached skill level 12 in Armour
 16070 | Lair:3   | Found a staircase to the Shoals.
 16514 | Lair:4   | Gained mutation: Your casting is slightly disrupted. [Ru
                  | sacrifice]
 16514 | Lair:4   | Reached ****** piety under Ru
 16612 | Lair:4   | Gained mutation: You have hooves in place of feet. [demonic
                  | ancestry]
 16612 | Lair:4   | Reached XP level 13. HP: 107/111 MP: 13/13
 17251 | Lair:5   | Entered Level 5 of the Lair of Beasts
 17251 | Lair:5   | Found a staircase to the Slime Pits.
 17253 | Lair:5   | Noticed Kirke
 17300 | Lair:4   | Killed Kirke
 17700 | Lair:5   | Reached skill level 13 in Armour
 19444 | Lair:5   | Identified the staff of earth "Sehuc" {+Blink rElec}
 19524 | Lair:5   | Gained mutation: You punish those that try to bend your
                  | will. (Will+) [demonic ancestry]
 19524 | Lair:5   | Reached XP level 14. HP: 112/121 MP: 14/14
 19667 | Lair:5   | Noticed Rupert
 19706 | Lair:5   | Killed Rupert
 20812 | D:11     | Noticed Urug
 20820 | D:11     | Killed Urug
 20826 | D:11     | Reached skill level 15 in Fighting
 21083 | D:11     | Found Xidocwud's Overcharged Wands.
 21102 | D:11     | Acquired 473 gold pieces
 21490 | D:12     | Found a gate leading to a gauntlet.
 21511 | Gauntlet | Entered a Gauntlet
 21511 | Gauntlet | Found a transporter.
 21511 | Gauntlet | Found a transporter.
 21512 | Gauntlet | Found a transporter.
 21512 | Gauntlet | Found a transporter.
 21515 | Gauntlet | Found a transporter.
 21526 | Gauntlet | Found a transporter.
 21537 | Gauntlet | Found a transporter.
 21543 | Gauntlet | Found a transporter.
 21555 | Gauntlet | Found a transporter.
 21644 | Gauntlet | Found a transporter.
 21654 | Gauntlet | Found a transporter.
 21669 | Gauntlet | Found a transporter.
 21908 | Gauntlet | Reached skill level 1 in Evocations
 21958 | Gauntlet | Reached skill level 14 in Armour
 22007 | Gauntlet | Identified the amulet of the Unbearable Lemon {Faith Will+
                  | Dex+8}
 22044 | Gauntlet | Identified the ring "Ifoidorr" {Drain rC+ Str+2 Slay+2
                  | SInv}
 22073 | Gauntlet | Identified the ring "Koingay" {Fire Will+ Dex+4 Slay-4}
 22078 | Gauntlet | Identified the +5 troll leather armour of the Apothecary
                  | {Regen+ Str+5 Slay+2 Stlth-}
 22078 | Gauntlet | Identified the +0 pair of gloves of Going Fast {+Blink rC-
                  | rN+ Stlth+}
 22393 | D:12     | Noticed Nergalle
 22413 | D:12     | Killed Nergalle
 22465 | D:12     | Noticed Jorgrun
 22486 | D:12     | Killed Jorgrun
 22522 | D:12     | Noticed Erolcha
 22538 | D:12     | Killed Erolcha
 22660 | D:12     | Found a portal to a secret trove of treasure.
 22978 | D:13     | Noticed Lodul
 22990 | D:13     | Killed Lodul
 23265 | D:13     | Noticed Nessos
 23284 | D:13     | Killed Nessos
 23323 | D:13     | Found a gate to the Vaults.
 23533 | D:13     | Found a runed translucent door.
 23535 | D:13     | Noticed jtron's ghost (journeyman TeSu)
 23674 | D:14     | Found Daxtid's Weapon Emporium.
 23803 | D:14     | Reached skill level 5 in Evocations
 24042 | D:14     | Gained mutation: Your demonic aura causes all spilled blood
                  | to erupt in flames. [demonic ancestry]
 24042 | D:14     | Reached XP level 15. HP: 126/129 MP: 15/15
 24601 | D:15     | Entered Level 15 of the Dungeon
 24720 | D:15     | Reached skill level 15 in Armour
 24931 | D:15     | Found a staircase to the Depths.
 25021 | D:15     | Found Zuadgh's Pet Rocks.
 25709 | Shoals:1 | Entered Level 1 of the Shoals
 25732 | Shoals:1 | Noticed a kraken
 25755 | Shoals:1 | Killed a kraken
 25789 | Shoals:1 | Reached skill level 10 in Throwing
 26613 | Shoals:2 | Found Yridoch's Jewellery Boutique.
 26622 | Shoals:2 | Bought a ring of poison resistance for 400 gold pieces
 26639 | Shoals:2 | Identified the +10 spear of Fuxifoda {protect, *Slow rPois
                  | Int-4 Stlth+}
 26653 | Shoals:2 | Reached skill level 16 in Armour
 28262 | Shoals:3 | Reached skill level 17 in Armour
 28452 | Shoals:3 | Reached XP level 16. HP: 79/132 MP: 16/16
 28743 | Shoals:3 | Noticed a kraken
 28767 | Shoals:3 | HP: 5/127 [tentacle[a kraken] (7)]
 28868 | Shoals:3 | Killed a kraken
 28973 | Shoals:4 | Entered Level 4 of the Shoals
 29040 | Shoals:4 | Found a radiant altar of Vehumet.
 29613 | Shoals:4 | Reached skill level 18 in Armour
 29623 | Shoals:4 | Paralysed by an air elemental for 1 turns
 30164 | Shoals:4 | Identified the +2 arbalest "Loul" {freeze, rElec rF+ rCorr
                  | Dex+3}
 30333 | Shoals:4 | Found a stormy altar of Qazlal.
 30568 | Shoals:4 | Reached skill level 19 in Armour
 30628 | Shoals:4 | Identified the staff of death "Rup Uts" {rC+ rN+ Stlth+}
 30631 | Shoals:4 | Identified the staff of poison "Kairoar" {rPois rF- rC+ rN+
                  | Str+2}
 30652 | Shoals:4 | Noticed a titan
 30662 | Shoals:4 | Killed a titan
 30669 | Shoals:4 | Got a barnacled rune of Zot
 31298 | Spider:1 | Entered Level 1 of the Spider Nest
 31514 | Spider:1 | HP: 4/124 [demonic crawler (11)]
 31526 | Spider:1 | HP: 4/125 [torpor snail (11)]
 31526 | Spider:1 | Slain by a demonic crawler

Illustrated notes

Levels and vault maps discovered:
D:1:      heliophobic_arrival_glass_houses, layout_basic
D:2:      layout_rooms, uniq_crazy_yiuf_cottage, uniq_jessica
D:3:      layout_basic, small_statue_intersection, chequers_serial_rivers_marsh,
          minmay_box_of_dots
D:4:      layout_basic, nicolae_dithmenos_the_darkroom, kennysheep_little_box,
          minmay_temple_entry_overgrown
D:5:      layout_rooms, nicolae_vehumet_radiance, nicolae_specific_store
D:6:      layout_loops_ring, grunt_temple_overflow_champion_of_chaos,
          nicolae_hepliaklqana_hazy_memory, gammafunk_temple_overflow_statue,
          kennysheep_generic_room_15
D:7:      layout_layer_cave, st_stairs_2, minmay_crystal_room,
          nicolae_grassy_gnolls
D:8:      layout_basic, due_lair_maze_entry_diamond
D:9:      layout_loops_corners, fedhas_altar_3, zin_academy,
          pdpol_wu_jian_five_deadly_venoms, minmay_hollow_rounded_squares,
          uniq_psyche
D:10:     layout_gridville, mainiacjoe_overflow_surrounded_room, led_sif_pool,
          hiddenorc2_lemuel, serial_shops, shop
D:11:     layout_loops_ring, nicolae_shop_overcharged_wands, uniq_urug
D:12:     layout_basic, gauntlet_entry_generic, nicolae_trove_entry_columns,
          uniq_nergalle, uniq_erolcha, uniq_jorgrun
D:13:     layout_long_grid, david_vaults_3, ebering_ghost_inner_flame,
          uniq_lodul
D:14:     layout_loops_ring, minmay_holes, nicolae_stop_n_shop_2
D:15:     hangedman_depths_entry_try_elsewhere_first, layout_loops_ring,
          minmay_splitting_lines, guppyfry_shop_earth
Lair:1:   layout_cave_pods, grunt_megastairs_5
Lair:2:   layout_loops_ring, spider_nest_entry_a, lemuel_old_faithful
Lair:3:   layout_cave_pods, shoals_dummy_entry, nicolae_volcano_entry_s_turn,
          portal_ice_cave_demonic_guard
Lair:4:   layout_gridlike
Lair:5:   due_jungle_book, layout_regular_city, slime_entry_1, uniq_kirke,
          uniq_rupert
Shoals:1: layout_shoals
Shoals:2: layout_shoals, serial_shops, nicolae_shop_just_a_little_nook
Shoals:3: layout_shoals
Shoals:4: shoals_end_hellmonk_storm_palace [storm_palace_center_ruins,
          storm_palace_corner_reverse_hut, storm_palace_corner_altar,
          storm_palace_corner_altar, storm_palace_corner_reverse_hut]
Spider:1: layout_spider_delve, worms_lemuel
Orc:1:    layout_diamond_mine, ebering_ghost_xom, serial_shops,
          nicolae_shop_crystal
Orc:2:    st_orc_ogre_mass, layout_diamond_mine, basic_altar, nooodl_orcs_dogs

Skill      XL: |  1  2  3  4  5  6  7  8  9 10 11 12 13 14 15 16 |
---------------+-------------------------------------------------+-----
Polearms       | 2 3 4 5 6 8 10 12 13 14 | 14.0
Armour         | 3 4 5 6 7 8 10 12 13 14 17 19 | 19.2
Shields        | 3 4 5 6 7 |  7.4
Fighting       | 4 5 6 7 9 11 13 14 15 | 15.0
Throwing       | 3 7 8 10 | 10.0
Evocations     | 5 7 |  7.0

Action                     |  1- 3 |  4- 6 |  7- 9 | 10-12 | 13-15 | 16-18 || total
---------------------------+-------+-------+-------+-------+-------+-------++-------
  Melee: Trident           |   118 |   153 |   271 |  1074 |  1576 |   277 ||  3469
         Kick              |    15 |    42 |    62 |       |   550 |   117 ||   786
         Spear             |       |       |       |       |     8 |       ||     8
         Unarmed           |       |       |       |       |     5 |       ||     5
         Demon trident     |       |       |       |       |       |   163 ||   163
  Throw: Throwing net      |       |       |       |     1 |     3 |       ||     4
         Dart              |       |       |       |       |     4 |     1 ||     5
         Javelin           |       |       |       |       |       |    12 ||    12
 Invoke: Sacrifice Purity  |       |       |     1 |       |       |       ||     1
         Sacrifice Arcana  |       |       |       |     1 |       |       ||     1
         Sacrifice Experie |       |       |       |     1 |       |       ||     1
         Draw Out Power    |       |       |       |     4 |     8 |     6 ||    18
         Sacrifice Stealth |       |       |       |     1 |       |       ||     1
         Reject Sacrifices |       |       |       |     1 |       |       ||     1
         Sacrifice Essence |       |       |       |     1 |       |       ||     1
         Sacrifice Love    |       |       |       |     1 |       |       ||     1
         Sacrifice Nimblen |       |       |       |     1 |       |       ||     1
         Power Leap        |       |       |       |       |     1 |     1 ||     2
    Use: Potion            |       |     1 |       |       |     4 |    11 ||    16
         Scroll            |       |       |     8 |    11 |    14 |     4 ||    37
   Stab: Distracted        |       |       |       |     3 |     2 |       ||     5
         Invisible         |       |       |       |     3 |     2 |     1 ||     6
         Paralysed         |       |       |       |       |    14 |     5 ||    19
         Confused          |       |       |       |       |     3 |       ||     3
 Armour: Scale mail        |    33 |     5 |       |       |       |       ||    38
         Chain mail        |       |    46 |    76 |    19 |       |       ||   141
         Plate armour      |       |       |       |   421 |       |       ||   421
         Ice dragon scales |       |       |       |    15 |   428 |   259 ||   702
  Dodge: Dodged            |    32 |    37 |    67 |   183 |   309 |   183 ||   811
  Block: Buckler           |    24 |    23 |    33 |   176 |   221 |   152 ||   629
